 Dungeon Crawl Stone Soup version 0.31-a0-164-g2312942fda (webtiles) character file.

Game seed: 15652410906066619610

38 ryw the Firebug (level 3, -1/20 HPs)
             Began as a Deep Elf Fire Elementalist on June 13, 2023.
             Slain by a cerulean imp
             ... wielding a +1 spear
             ... summoned by Natasha
              (2 damage)
             ... on level 2 of the Dungeon.
             The game lasted 00:02:58 (1484 turns).

ryw the Firebug (Deep Elf Fire Elementalist)        Turns: 1484, Time: 00:02:59

Health: -1/20      AC:  2    Str:  5    XL:     3   Next: 25%
Magic:  0/9        EV: 13    Int: 21    God:
Gold:   58         SH:  0    Dex: 15    Spells: 5/8 levels left

rFire   + . .        g - staff of fire
rCold   . . .        (no shield)
rNeg    . . .        a - +0 robe
rPois   .            (no helmet)
rElec   .            (no cloak)
rCorr   .            (no gloves)
SInv    .            (no boots)
Will    .....        f - amulet of regeneration
Stlth   ++           (no ring)
HPRegen 1.03/turn    (no ring)
MPRegen 0.11/turn

%: no passive effects
@: brilliant, slowed, very slow
A: no striking features
a: no special abilities


You were on level 2 of the Dungeon.
You visited 1 branch of the dungeon, and saw 2 of its levels.

You collected 58 gold pieces.

Inventory:

Armour
 a - a +0 robe (worn)
Magical Staves
 g - a staff of fire (weapon)
Jewellery
 f - an amulet of regeneration (around neck)
Scrolls
 c - a scroll of teleportation {unknown}
 d - a scroll of noise {unknown}
 j - a scroll of identify {unknown}
 k - a scroll of fog {unknown}
Potions
 b - a potion of magic
 h - a potion of heal wounds {unknown}
 i - a potion of curing {unknown}
 l - a potion of mutation {unknown}
 m - a potion of attraction {unknown}


   Skills:
 + Level 0.6 Fighting
 + Level 2.9 Dodging
 - Level 2.4 Stealth
 + Level 3.4 Spellcasting
 * Level 1.9 Conjurations
 + Level 3.8 Fire Magic


You had 5 spell levels left.
You knew the following spells:

 Your Spells              Type           Power      Damage    Failure   Level
a - Foxfire               Conj/Fire      100%       2x1d9     4%          1
b - Scorch                Fire           88%        2d8       4%          2

Your spell library contained the following spells:

 Spells                   Type           Power      Damage    Failure   Level
 Inner Flame              Hex/Fire       26%        N/A       17%         3
 Volatile Blastmotes      Fire/Tloc      52%        2d14      17%         3
 Flame Wave               Conj/Fire      35%        2d10      36%         4


Dungeon Overview and Level Annotations

Branches:
Dungeon (2/15)

Altars:

Annotations:
D:2 Natasha


Message History

Okay, then.
Natasha mumbles some strange words.
The adder bites you.
You are poisoned.
The adder poisons you!
You feel sick. The adder barely misses you.
The cerulean imp hits you but does no damage.
Your magical contamination has completely faded away.
Casting: Scorch (safe; 4% risk of failure)
Confirm with . or Enter, or press ? or * to list all spells.
You feel a surge of power!
You conjure some foxfire!
You feel sick. The adder bites you. The cerulean imp barely misses you.
The adder barely misses you.
Natasha casts a spell.
The cerulean imp hits you from afar with a +1 spear.
Casting: Foxfire (safe; 4% risk of failure)
Confirm with . or Enter, or press ? or * to list all spells.
You feel a surge of power!
There is not enough space to conjure foxfire!
You feel sick.
The foxfire hits the adder.
The adder is severely wounded.
The foxfire hits the adder.
You kill the adder!
The cerulean imp completely misses you.
Natasha mumbles some strange words.
Casting: Foxfire (safe; 4% risk of failure)
Confirm with . or Enter, or press ? or * to list all spells.
You feel a surge of power!
You conjure some foxfire!
You feel sick.
You are no longer poisoned.
The cerulean imp hits you but does no damage.
Natasha claws you.
* * * LOW HITPOINT WARNING * * *
The cerulean imp barely misses you. The cerulean imp closely misses you.
It was a potion of brilliance.
You feel clever all of a sudden.
The foxfire hits the cerulean imp but does no damage. x2
Natasha claws you.
* * * LOW HITPOINT WARNING * * *
The cerulean imp hits you from afar with a +1 spear.
You die...

..#
###........##
#)##
#........###
#..# #....#####
##)# #.#### #.#
#.#
#5####.#######
#5B##........#
##h#.........##
#@.5.....#...#
#ยง##.....#...#
#.##.....#...##
#.##.....##...#
#.##.....##...##
#.##.....###...#
#.########
#...## #.#
##...## #..
##...#


You could see Natasha, 3 cerulean imps and a giant cockroach.

Vanquished Creatures
  An adder (D:2)
  A dart slug (D:2)
  5 bats
  An endoplasm (D:1)
  3 goblins
  6 hobgoblins
  A quokka (D:1)
  3 ball pythons
  A frilled lizard (D:2)
  2 kobolds
  A rat (D:2)
25 creatures vanquished.

Vanquished Creatures (others)
  88 foxfires
88 creatures vanquished.

Grand Total: 113 creatures vanquished

Notes
Turn   | Place    | Note
-------+----------+-------------------------------------------
     0 | D:1      | ryw the Deep Elf Fire Elementalist began the quest for the
                  | Orb.
     0 | D:1      | Reached XP level 1. HP: 10/10 MP: 6/6
   579 | D:1      | Reached XP level 2. HP: 15/15 MP: 5/8
   582 | D:1      | Learned a level 2 spell: Scorch
  1377 | D:2      | Reached XP level 3. HP: 20/20 MP: 7/9
  1464 | D:2      | Noticed Natasha
  1484 | D:2      | HP: 1/20 [Natasha (4)]
  1484 | D:2      | Slain by a cerulean imp

Illustrated notes

Levels and vault maps discovered:
D:1:      amcnicky_arrival_flooded_fountain, layout_loops_cross, nrook_uturn,
          palyth_stone_intersect
D:2:      layout_basic, serial_curves, eino_curves_04, eino_curves_03,
          eino_curves_01, eino_curves_01, minmay_misc_feat_square, st_stairs_8,
          uniq_natasha

Action                     || total
---------------------------++-------
   Cast: Foxfire           ||    59
         Scorch            ||     1
    Use: Potion            ||     1
 Armour: Robe              ||     7
  Dodge: Dodged            ||    22

Table legend: (Time is in decaauts)
 A = Elapsed time spent in this place.
 B = Non-inter-level travel time spent in this place.
 C = Inter-level travel time spent in this place.
 D = Time resting spent in this place.
 E = Time spent auto-exploring this place.
 F = Levels seen in this place.
 G = Mean time per level.
                   A        B        C        D        E       F      G
               +--------+--------+--------+--------+--------+-----+--------+
         Total |   1487 |   1443 |     44 |      0 |   1247 |   2 |  743.5 |
       Dungeon |   1487 |   1443 |     44 |      0 |   1247 |   2 |  743.5 |
               +--------+--------+--------+--------+--------+-----+--------+

Top non-repeatable levels by time:
     D:1: 969 daAuts
     D:2: 518 daAuts
